 Dungeon Crawl Stone Soup version 0.25.1-2-g60ff931df9 (webtiles) character file.

Game seed: 2843688752551210955

29026 JustSomeDude the Brawler (level 13, -6/118 HPs)
             Began as a Troll Monk on Sept 15, 2020.
             Was the Champion of Qazlal.
             Mangled by Snorg (17 damage)
             ... on level 12 of the Dungeon.
             The game lasted 00:39:14 (10780 turns).

JustSomeDude the Brawler (Troll Monk)              Turns: 10780, Time: 00:39:14

Health: -6/118     AC: 14    Str: 22    XL:     13   Next: 12%
Magic:  18/18      EV: 15    Int:  6    God:    Qazlal [******]
Gold:   1424       SH:  8    Dex: 16    Spells: 12/12 levels left

rFire    . . .     SeeInvis .     - Unarmed
rCold    . . .     Gourm    +   (no shield)
rNeg     + . .     Faith    .   O - +0 troll leather armour
rPois    .         Spirit   .   (helmet restricted)
rElec    .         Reflect  .   s - +2 cloak
rCorr    .         Harm     .   (gloves unavailable)
MR       .....                  (boots unavailable)
Stlth    +.........             (no amulet)
HPRegen  1.09/turn              c - ring of positive energy
MPRegen  0.16/turn              B - ring of wizardry

@: protected from physical damage, very slightly contaminated, invisible, repel
missiles
A: large, unfitting armour, claws 3, fast metabolism 3, gourmand, regeneration
1, shaggy fur 1, tough skin 3
a: Upheaval, Elemental Force, Disaster Area, Renounce Religion


You were on level 12 of the Dungeon.
You worshipped Qazlal.
Qazlal was exalted by your worship.
You were not hungry.

You visited 3 branches of the dungeon, and saw 15 of its levels.
You also visited: Ice Cave.

You collected 1424 gold pieces.

Inventory:

Missiles
 m - 20 boomerangs (quivered)
 G - 5 throwing nets
Armour
 s - a +2 cloak (worn)
 D - a +0 robe of magic resistance
 O - a +0 troll leather armour (worn)
 T - a +0 animal skin of cold resistance
Magical Staves
 y - an uncursed staff of air {unknown}
Jewellery
 c - a ring of positive energy (left claw)
 i - an uncursed ring of stealth
 A - an uncursed ring of ice
 B - a ring of wizardry (right claw)
 S - the ring "Wuheuqy" {rC+ Str-4 Dex+5}
   (You found it in an ice cave)

   [ring of protection from cold]

   It affects your strength (-4).
   It affects your dexterity (+5).
   It protects you from cold.
 U - an uncursed ring of ice
 V - an uncursed ring of flight
Wands
 a - a wand of digging (16)
 f - a wand of flame (28)
 K - a wand of disintegration (31)
 R - a wand of polymorph (12)
 W - a wand of iceblast (6)
 X - a wand of acid (9)
Scrolls
 g - 13 scrolls of identify
 h - 3 scrolls of enchant armour {unknown}
 j - 5 scrolls of teleportation
 q - a scroll of magic mapping
 r - 4 scrolls of remove curse
 u - a scroll of noise {unknown}
 x - 3 scrolls of blinking {unknown}
 C - 4 scrolls of amnesia
 E - 2 scrolls of enchant weapon {unknown}
 H - a scroll of fear {unknown}
 I - 3 scrolls of torment {unknown}
 J - a scroll of immolation {unknown}
 L - 3 scrolls of fog {unknown}
 N - a scroll of brand weapon {unknown}
 P - a scroll of vulnerability {unknown}
Potions
 d - 2 potions of magic {unknown}
 e - 2 potions of might
 k - 2 potions of heal wounds
 l - 2 potions of brilliance {unknown}
 n - 4 potions of degeneration {unknown}
 o - 2 potions of stabbing {unknown}
 p - 7 potions of curing {unknown}
 t - 2 potions of cancellation {unknown}
 v - 5 potions of haste {unknown}
 w - 3 potions of ambrosia {unknown}
 z - a potion of berserk rage {unknown}
 F - 2 potions of lignification {unknown}
 Q - 2 potions of resistance {unknown}
Comestibles
 b - 28 rations


   Skills:
 + Level 5.2 Fighting
 + Level 0.3 Throwing
 + Level 3.4 Armour
 + Level 7.9 Dodging
 + Level 2.8 Stealth
 + Level 15.8 Unarmed Combat
 * Level 8.9 Invocations


You had 12 spell levels left.
You didn't know any spells.
Your spell library contained the following spells:

 Spells                   Type           Power        Failure   Level  Hunger
 Foxfire                  Conj/Fire      #...         22%         1    ##.....
 Infusion                 Chrm           #...         22%         1    ##.....
 Magic Dart               Conj           #...         22%         1    ##.....
 Searing Ray              Conj           #.....       32%         2    ###....
 Shroud of Golubria       Chrm/Tloc      #.....       32%         2    ###....
 Song of Slaying          Chrm           #.......     32%         2    ###....
 Swiftness                Chrm/Air       #.......     32%         2    ###....
 Dazzling Flash           Conj/Hex       #.....       52%         3    ####...
 Ozocubu's Armour         Chrm/Ice       #.......     52%         3    ####...
 Spectral Weapon          Hex/Chrm       #.......     52%         3    ####...
 Fulminant Prism          Conj/Hex       #.........   89%         4    #####..
 Ice Form                 Ice/Tmut       #.......     89%         4    #####..
 Iskenderun's Mystic Bla  Conj/Tloc      #.......     89%         4    #####..
 Bolt of Magma            Conj/Fire/Erth #.........   99%         5    ######.
 Iskenderun's Battlesphe  Conj/Chrm      #.......     99%         5    ######.
 Metabolic Englaciation   Hex/Ice        #.........   99%         5    ######.
 Freezing Cloud           Conj/Ice/Air   #.........   100%        6    #######
 Iron Shot                Conj/Erth      #.........   100%        6    #######
 Ozocubu's Refrigeration  Ice            #.........   100%        6    #######
 Simulacrum               Ice/Necr       #.........   100%        6    #######
 Starburst                Conj/Fire      #.........   100%        6    #######
 Orb of Destruction       Conj           #.........   100%        7    #######
 Ring of Flames           Chrm/Fire      #.........   100%        7    #######
 Spellforged Servitor     Conj/Summ      #.........   100%        7    #######


Dungeon Overview and Level Annotations

Branches:
Dungeon (12/15)            Temple (1/1) D:7            Lair (0/6) D:10
    Orc (2/2) D:10          IceCv (visited)
    Elf: Orc:2

Altars:
Ashenzari
Cheibriados
Dithmenos
Elyvilon
Fedhas
Gozag
Hepliaklqana
Kikubaaqudgha
Makhleb
Nemelex Xobeh
Okawaru
Qazlal
Ru
Sif Muna
Trog
Uskayaw
Vehumet
Wu Jian
Xom
Yredelemnul
Zin
The Shining One
Beogh

Portals:
Gauntlet: D:12

Annotations:
D:12 Snorg


Innate Abilities, Weirdness & Mutations

You are too large for most types of armour.
You have claws for hands.
Your metabolism is lightning-fast.
You like to eat raw meat.
Your natural rate of healing is unusually fast.
You are covered in fur. (AC +1)
You have extremely tough skin. (AC +3)


Message History

Snorg is severely wounded.
Snorg barely misses you. You block Snorg's attack.
Snorg claws you but does no damage.
You claw Snorg!
Snorg is almost dead.
Snorg barely misses you. Snorg misses you. Snorg closely misses you.
You closely miss Snorg. You claw Snorg!
Snorg is almost dead.
You hear a screech!
Snorg bites you but does no damage. Snorg claws you!
* * * LOW HITPOINT WARNING * * *
You block Snorg's attack.
You claw Snorg!
Snorg is almost dead.
You block Snorg's attack. Snorg claws you.
* * * LOW HITPOINT WARNING * * *
Snorg claws you!
* * * LOW HITPOINT WARNING * * *
Snorg bites you!
You die...

,***,,,,,,,.#** **,,*,,#*****,,**
** *,<,>,,,,..*###*,,,,.,,,,,*,*
* *,,,,,,,,*.##?.,,**.#****,*,* *
*,,,,,,,,*,...#****.## *,*,** *
****###*****..# *#..# *,,,,* *
#...#####.# *..%# ***,,* **
**#.....§.####._.# *,,, .#*
####..#T....[..# ***, ..*
#..##@####.### **, #.*
####.###....#.# ****,, #.*
##....# ####.#.#* ***,,,,,
#.######†.#### *,#..***,,,***,
#......∩.#####*****,*#.,**,*****,
#..............,,,,,,*(.,,,,,,***
#..##..########*****,,.#**,,,,* *
##.#....#** **,,,,,,,,,,,*
..)..##...#** ***,,,******,,,*


You could see Snorg (berserk).

Vanquished Creatures
  A frost giant (IceCv)
  Harold (D:7)
  A tengu warrior (D:9)
  3 two-headed ogres
  A death yak (IceCv)
  An unseen horror (D:10)
  An orc knight (Orc:2)
  3 ugly things
  A cyclops (D:9)
  3 centaur zombies
  A guardian serpent (D:10)
  An ice statue (IceCv)
  A rime drake (IceCv)
  6 trolls
  15 polar bears (IceCv)
  A hornet (D:10)
  2 hippogriffs
  A wraith (D:9)
  31 yaks
  A wyvern (D:9)
  A shadow (D:12)
  A basilisk (D:12)
  2 steam dragons
  2 wargs (D:10)
  A soldier ant (D:12)
  A water moccasin (D:9)
  4 ice beasts
  23 orc warriors
  3 sky beasts
  11 ogres
  2 phantoms
  13 wolves (IceCv)
  5 centaurs
  A big kobold (D:11)
  4 bullfrogs
  A wyvern zombie (D:8)
  2 scorpions
  18 wights
  4 killer bees (D:8)
  3 howler monkeys
  5 crimson imps
  3 hounds
  17 orc priests
  21 orc wizards
  A quasit (D:7)
  A bullfrog skeleton (D:8)
  4 centaur skeletons
  2 iguanas
  4 worker ants
  A killer bee zombie (D:7)
  2 hound skeletons (D:4)
  A howler monkey zombie (D:6)
  2 worker ant zombies
  A gnoll (D:1)
  9 adders
  A shadow imp (D:9)
  12 white imps (Orc:1)
  3 oozes
  2 adder skeletons
  A worm (D:5)
  2 dart slugs
  3 leopard geckos
  81 orcs
  A ball python (D:1)
  3 bats
  6 giant cockroaches
  10 goblins
  12 hobgoblins
  11 jackals
  11 kobolds
  5 quokkas
  6 frilled lizards
  A jackal skeleton (D:6)
  3 quokka zombies
  7 rats
433 creatures vanquished.

Vanquished Creatures (others)
  5 plants (D:9)
5 creatures vanquished.

Grand Total: 438 creatures vanquished

Notes
Turn   | Place    | Note
-------+----------+-------------------------------------------
     0 | D:1      | JustSomeDude the Troll Monk began the quest for the Orb.
     0 | D:1      | Reached XP level 1. HP: 22/22 MP: 0/0
   133 | D:1      | Reached XP level 2. HP: 29/29 MP: 1/1
   297 | D:1      | Reached XP level 3. HP: 36/36 MP: 2/2
   950 | D:2      | Reached XP level 4. HP: 44/44 MP: 3/3
  1008 | D:2      | Found a white marble altar of Elyvilon.
  1018 | D:2      | Found a stormy altar of Qazlal.
  1021 | D:2      | Found a radiant altar of Vehumet.
  1038 | D:2      | Found a hide-covered altar of Uskayaw.
  1044 | D:2      | Became a worshipper of Qazlal Stormbringer
  1044 | D:2      | Reached * piety under Qazlal
  1044 | D:2      | Reached ** piety under Qazlal
  1205 | D:3      | Reached skill level 4 in Unarmed Combat
  1304 | D:3      | Found an iron altar of Okawaru.
  1520 | D:3      | Reached XP level 5. HP: 53/53 MP: 4/4
  1567 | D:3      | Found a blossoming altar of Fedhas.
  2074 | D:4      | Reached skill level 5 in Unarmed Combat
  2157 | D:4      | Reached skill level 1 in Invocations
  2197 | D:4      | Noticed a phantom
  2215 | D:4      | Killed a phantom
  2215 | D:4      | Reached *** piety under Qazlal
  2215 | D:4      | Reached XP level 6. HP: 57/61 MP: 4/6
  2542 | D:5      | Entered Level 5 of the Dungeon
  2651 | D:5      | Reached skill level 6 in Unarmed Combat
  2658 | D:5      | Reached XP level 7. HP: 43/67 MP: 5/7
  3154 | D:6      | Found a burning altar of Makhleb.
  3155 | D:6      | Found a shattered altar of Ashenzari.
  3345 | D:6      | Reached skill level 7 in Unarmed Combat
  3420 | D:6      | Reached XP level 8. HP: 48/75 MP: 9/9
  3772 | D:6      | Reached skill level 8 in Unarmed Combat
  3849 | D:6      | Identified the Reference Book on the Assistive Volcanoes
  4202 | D:7      | Noticed Harold
  4209 | D:7      | Killed Harold
  4209 | D:7      | Reached skill level 9 in Unarmed Combat
  4209 | D:7      | Reached XP level 9. HP: 78/83 MP: 9/11
  4340 | D:7      | Found a staircase to the Ecumenical Temple.
  4348 | Temple   | Entered the Ecumenical Temple
  4581 | D:7      | Identified the cursed +2 whip of the Aged Souls {elec, +Fly
                  | rN+++ MR+ Str-2}
  4606 | D:7      | Reached skill level 5 in Dodging
  4762 | D:7      | Reached skill level 10 in Unarmed Combat
  4763 | D:7      | Reached **** piety under Qazlal
  5026 | D:7      | Reached skill level 5 in Invocations
  5119 | D:7      | Found a burning altar of Makhleb.
  5121 | D:7      | Found a shimmering blue altar of Sif Muna.
  5121 | D:7      | Found a shimmering altar of Xom.
  5125 | D:7      | Found a hazy altar of Hepliaklqana.
  5125 | D:7      | Found a shimmering altar of Xom.
  5125 | D:7      | Found a glowing golden altar of the Shining One.
  5300 | D:8      | Noticed a two-headed ogre
  5841 | D:8      | Reached XP level 10. HP: 80/92 MP: 13/13
  6039 | D:8      | Reached skill level 11 in Unarmed Combat
  6151 | D:8      | Killed a two-headed ogre
  6586 | D:9      | Reached ***** piety under Qazlal
  6685 | D:9      | Noticed a white ugly thing
  6708 | D:9      | Killed a white ugly thing
  6841 | D:9      | Reached skill level 12 in Unarmed Combat
  6897 | D:9      | Noticed a tengu warrior
  6907 | D:9      | Killed a tengu warrior
  6935 | D:9      | Noticed a cyclops
  6947 | D:9      | Killed a cyclops
  6947 | D:9      | Reached XP level 11. HP: 101/101 MP: 15/15
  7224 | D:10     | Entered Level 10 of the Dungeon
  7274 | D:10     | Killed an unseen horror
  7448 | D:10     | Reached skill level 1 in Armour
  7520 | D:10     | Found a staircase to the Orcish Mines.
  7569 | Orc:1    | Entered Level 1 of the Orcish Mines
  7632 | Orc:1    | Found a frozen archway.
  7654 | Orc:1    | Reached skill level 13 in Unarmed Combat
  7683 | IceCv    | Entered an ice cave
  8135 | IceCv    | Reached XP level 12. HP: 109/109 MP: 16/16
  8163 | IceCv    | Noticed a death yak
  8182 | IceCv    | Killed a death yak
  8182 | IceCv    | Reached skill level 14 in Unarmed Combat
  8323 | IceCv    | Noticed a frost giant
  8336 | IceCv    | Killed a frost giant
  8357 | IceCv    | Got a warped glass ring
  8852 | Orc:2    | Entered Level 2 of the Orcish Mines
  8927 | Orc:2    | Reached skill level 5 in Fighting
  9061 | Orc:2    | Found a roughly hewn altar of Beogh.
  9220 | Orc:2    | Reached skill level 15 in Unarmed Combat
  9257 | Orc:2    | Noticed an orc warlord
  9403 | D:10     | Identified the ring "Wuheuqy" {rC+ Str-4 Dex+5} (You found
                  | it in an ice cave)
  9436 | D:10     | Found a staircase to the Lair.
  9983 | D:11     | Noticed a two-headed ogre
 10012 | D:11     | Killed a two-headed ogre
 10012 | D:11     | Reached ****** piety under Qazlal
 10257 | D:11     | Reached XP level 13. HP: 108/118 MP: 18/18
 10706 | D:12     | Found a gate leading to a gauntlet.
 10746 | D:12     | Found a bloodstained altar of Trog.
 10760 | D:12     | Noticed Snorg
 10780 | D:12     | Mangled by Snorg

Illustrated notes

Levels and vault maps discovered:
D:1:      dpeg_arrival_round_c, layout_basic
D:2:      layout_basic, grunt_temple_overflow_cloverleaf, first_ration
D:3:      layout_loops_ring, overflow_temple_1_default, minmay_misc_feat_chi,
          fedhas_altar_2
D:4:      layout_basic, minmay_misc_feat_roman
D:5:      layout_cave_pools
D:6:      layout_basic, chequers_temple_overflow_statue_of_worship,
          kennysheep_small_circle
D:7:      layout_basic, minmay_temple_entry_junction, minivault_1,
          grunt_ogre_cave, doesnt_xom_only_xom, uniq_harold
D:8:      layout_basic
D:9:      layout_cave_pools, minmay_shattered_shrine
D:10:     layout_basic, erik_lair_orcish_takeover, serial_curves,
          eino_curves_03, eino_curves_03, nrook_guardian_serpent_ordinary
D:11:     layout_irregular_city
D:12:     layout_rooms, basic_altar, gauntlet_entry_generic, bloody_trog,
          uniq_psyche, uniq_snorg
Temple:   regret_index_temple_waves
Orc:1:    layout_diamond_mine, portal_ice_cave_entry_imps
Orc:2:    grunt_orc_community_town_hall, layout_caves,
          grunt_orc_community_big_house_1, grunt_orc_community_big_house_2,
          grunt_orc_community_house_3, grunt_orc_community_house_2,
          grunt_orc_community_house_1, grunt_orc_community_house_3,
          grunt_orc_community_house_3

Skill      XL: |  1  2  3  4  5  6  7  8  9 10 11 12 |
---------------+-------------------------------------+-----
Fighting       | 3 4 5 |  5.2
Dodging        | 3 4 5 6 7 |  7.9
Unarmed Combat | 4 5 6 7 9 10 12 13 15 | 15.8
Invocations    | 1 3 4 5 6 7 8 |  8.9
Stealth        | 2 |  2.8
Armour         | 2 3 |  3.4
Throwing       | |  0.3

Action                   |  1- 3 |  4- 6 |  7- 9 | 10-12 | 13-15 || total
-------------------------+-------+-------+-------+-------+-------++-------
Melee: Unarmed           |    86 |   139 |   285 |   726 |    60 ||  1296
       Punch             |       |     2 |    11 |    57 |     8 ||    78
Throw: Boomerang         |       |       |     4 |       |       ||     4
Invok: Upheaval          |       |     1 |     1 |     6 |       ||     8
       Disaster Area     |       |       |       |     1 |       ||     1
  Use: Potion            |       |       |     1 |     2 |     2 ||     5
       Scroll            |       |       |     4 |     6 |     1 ||    11
 Stab: Sleeping          |     2 |       |       |       |       ||     2
       Invisible         |       |       |       |       |     2 ||     2
  Eat: Chunk             |    14 |    13 |    32 |    40 |       ||    99
Armor: Robe              |    20 |    43 |    70 |    24 |       ||   157
       Troll leather arm |       |       |       |   144 |    10 ||   154
Dodge: Dodged            |    40 |    67 |   147 |   264 |    32 ||   550
       Repelled          |       |       |     6 |     4 |       ||    10
Block: Other             |       |    10 |    43 |   158 |    16 ||   227
